 Dungeon Crawl Stone Soup version 0.21-a0-472-g223bcb9 (webtiles) character file.

91 slep the Skirmisher (level 4, -2/36 HPs)
             Began as a Demonspawn Monk on Nov 21, 2017.
             Slain by an orc wizard
             ... wielding a +0 dagger
              (3 damage)
             ... on level 3 of the Dungeon.
             The game lasted 00:05:18 (1608 turns).

slep the Skirmisher (Demonspawn Monk)               Turns: 1608, Time: 00:05:18

Health: -2/36      AC:  4    Str: 13    XL:     4   Next: 33%
Magic:  4/4        EV: 13    Int: 11    God:
Gold:   71         SH:  0    Dex: 15    Spells: 3/3 levels left

rFire    . . .     SeeInvis .   a - +0 falchion
rCold    . . .     Gourm    .   (no shield)
rNeg     . . .     Faith    .   b - +0 robe
rPois    .         Spirit   .   (no helmet)
rElec    .         Reflect  .   (no cloak)
rCorr    .         Harm     .   (no gloves)
MR       .....                  (no boots)
Stlth    ++........             (no amulet)
HPRegen  0.12/turn              (no ring)
MPRegen  0.09/turn              (no ring)

@: hasted, very quick
A: slimy green scales 1, powered by death 1
a: no special abilities


You were on level 3 of the Dungeon.
You were hungry.

You visited 1 branch of the dungeon, and saw 3 of its levels.

You collected 71 gold pieces.

Inventory:

Hand Weapons
 a - a +0 falchion (weapon)
Missiles
 f - 2 javelins (quivered)
Armour
 b - a +0 robe (worn)
Scrolls
 e - 3 scrolls of amnesia {unknown}
 h - 2 scrolls of identify {unknown}
 i - a scroll of enchant armour {unknown}
 j - a scroll of enchant weapon {unknown}
 m - a scroll of teleportation {unknown}
Potions
 d - a potion of heal wounds {unknown}
 g - a potion of haste
Comestibles
 c - 3 bread rations
 k - 4 fruits
 l - a meat ration


   Skills:
 + Level 3.6 Fighting
 + Level 3.6 Long Blades
 + Level 3.3 Dodging
 + Level 2.2 Stealth


You had 3 spell levels left.
You didn't know any spells.

Dungeon Overview and Level Annotations

Branches:
Dungeon (3/15)

Altars:


Innate Abilities, Weirdness & Mutations

You are partially covered in slimy green scales. (AC +2)
You regenerate a little health from kills.


Message History

You hit something but do no damage. Something hits you but does no damage.
Something hits you.
You miss something. Something hits you but does no damage.
You hit something but do no damage. Something hits you but does no damage.
You barely miss something.
You hear some strange, mumbled words.
A puff of flame appears from out of thin air!
The puff of flame hits you!
You completely miss something. Something hits you.
You miss something. Something hits you.
You hit something. Something hits you.
* * * LOW HITPOINT WARNING * * *
You closely miss something. Something hits you.
* * * LOW HITPOINT WARNING * * *
Something hits you.
* * * LOW HITPOINT WARNING * * *
You hit something. Something hits you.
* * * LOW HITPOINT WARNING * * *
It was a potion of haste.
You feel yourself speed up. Something hits you.
You die...

.. ##. ##.) #.# ###
.########). ... ...
.(....?.#.#### #.# #..
#............ #.# #.#
..........##### #.# #.#
#..>.....o{@..# #.###.#
#.......#o###.####..##.####
#########.# #.............#
#.# #######...###..# #.#
##..# . #.# ##.## #.# #<..#
#.# #.#.# #.#.#


You could see 2 orcs.

Vanquished Creatures
  2 adders (D:2)
  2 oozes (D:2)
  A worm (D:2)
  3 dart slugs (D:1)
  2 leopard geckos (D:1)
  3 orcs
  2 giant cockroaches
  7 hobgoblins (D:1)
  5 bats
  2 frilled lizards
  4 goblins
  11 kobolds
  8 rats
52 creatures vanquished.

Notes
Turn   | Place    | Note
-------+----------+-------------------------------------------
     0 | D:1      | slep the Demonspawn Monk began the quest for the Orb.
     0 | D:1      | Reached XP level 1. HP: 18/18 MP: 1/1
    52 | D:1      | Gained mutation: You regenerate a little health from kills. [demonic ancestry]
    52 | D:1      | Reached XP level 2. HP: 20/24 MP: 2/2
   338 | D:1      | Gained mutation: You are partially covered in slimy green scales. (AC +2) [demonic ancestry]
   338 | D:1      | Reached XP level 3. HP: 27/29 MP: 3/3
  1073 | D:2      | Reached XP level 4. HP: 21/35 MP: 4/4
  1607 | D:3      | HP: 1/36 [something (4)]
  1608 | D:3      | Slain by an orc wizard

Vault maps used:
D:1:      dpeg_arrival_tiny_a
D:2:      first_bread
D:3:      uniq_ijyb, uniq_terence

Skill      XL: |  1  2  3 |
---------------+----------+-----
Dodging        | 3 |  3.3
Long Blades    | 3 |  3.6
Stealth        | 2 |  2.2
Fighting       | |  3.6

Action                   |  1- 3 |  4- 6 || total
-------------------------+-------+-------++-------
Melee: Falchion          |   108 |    50 ||   158
  Use: Potion            |       |     1 ||     1
 Stab: Sleeping          |     2 |       ||     2
  Eat: Chunk             |       |     2 ||     2
Armor: Robe              |    16 |    15 ||    31
Dodge: Dodged            |    59 |    29 ||    88
       Rpst.: Falchion   |    25 |     7 ||    32

Table legend:
 A = Spawn XP
 B = Non-spawn XP
 C = Spawn XP percentage of total XP
 D = Spawn monster count
 E = Non-spawn monster count
 F = Spawn count percentage of total count
 G = Total turns spent on level
                    A         B        C        D         E        F      G
               +---------+---------+-------+---------+---------+-------+---------
         Total |       0 |     130 |   0.0 |       0 |      52 |   0.0 |  1608
               +---------+---------+-------+---------+---------+-------+---------
           D:1 |       0 |      52 |   0.0 |       0 |      27 |   0.0 |   608
           D:2 |       0 |      71 |   0.0 |       0 |      22 |   0.0 |   946
           D:3 |       0 |       7 |   0.0 |       0 |       3 |   0.0 |    54
               +---------+---------+-------+---------+---------+-------+---------
